 Dungeon Crawl Stone Soup version 0.24.0-37-gcf1ca852f1 (webtiles) character file.

Game seed: 2864024507708025935, levelgen mode: deterministic

13913 DrKleor the Carver (level 12, -10/81 HPs)
             Began as a Formicid Fighter on Nov 27, 2019.
             Was a High Priest of Okawaru.
             Mangled by a sixfirhy (11 damage)
             ... on level 3 of the Abyss.
             The game lasted 00:37:43 (13844 turns).

DrKleor the Carver (Formicid Fighter)              Turns: 13844, Time: 00:37:44

Health: -10/81     AC: 15    Str: 25    XL:     12   Next: 38%
Magic:  16/16      EV: 10    Int:  9    God:    Okawaru [*****.]
Gold:   492        SH: 17    Dex: 10    Spells: 11/11 levels left

rFire    . . .     SeeInvis +   b - +5 falchion
rCold    . . .     Gourm    .   c - +0 shield
rNeg     . . .     Faith    .   A - +3 ring mail {MR+}
rPois    +         Spirit   .   (helmet unavailable)
rElec    .         Reflect  +   (no cloak)
rCorr    +         Harm     .   V - +2 pair of gloves
MR       ++...                  R - +1 pair of boots {Stlth+}
Stlth    +.........             y - +5 amulet of reflection
HPRegen  0.23/turn              n - ring of poison resistance
MPRegen  0.15/turn              x - ring of resist corrosion

@: no status effects
A: permanent stasis, dig shafts and tunnels, four strong arms, antennae 3, frail
1
a: Dig, Shaft Self, Heroism, Finesse, Renounce Religion


You were on level 3 of the Abyss.
You worshipped Okawaru.
Okawaru was extremely pleased with you.
You were near starving.

You visited 2 branches of the dungeon, and saw 11 of its levels.
You visited the Abyss 1 time.
You also visited: Ossuary.

You collected 552 gold pieces.
You spent 60 gold pieces at shops.

Inventory:

Hand Weapons
 a - a +1 scimitar of flaming
 b - a +5 falchion (weapon)
Armour
 c - a +0 shield (worn)
 A - a +3 ring mail of magic resistance (worn)
 R - a +1 pair of boots of stealth (worn)
 V - a +2 pair of gloves (worn)
Jewellery
 n - a ring of poison resistance (left hand)
 x - a ring of resist corrosion (right hand)
 y - a +5 amulet of reflection (around neck)
 C - an uncursed amulet of harm {unknown}
 E - an uncursed ring of magical power {unknown}
 H - a +3 ring of strength {unknown}
 J - an uncursed amulet of magic regeneration {unknown}
 M - an uncursed ring of magical power {unknown}
 U - an uncursed ring of ice
Wands
 j - a wand of enslavement (10)
 o - a wand of clouds (2)
 q - a wand of polymorph (2)
 r - a wand of random effects (18)
 z - a wand of scattershot (2)
 B - a wand of disintegration (31)
 D - a wand of iceblast (8)
 K - a wand of paralysis (16)
 O - a wand of digging (4)
 P - a wand of acid (12)
Scrolls
 e - 8 scrolls of teleportation {unknown}
 f - 6 scrolls of blinking {unknown}
 g - 5 scrolls of remove curse
 h - a scroll of fear {unknown}
 i - 4 scrolls of amnesia {unknown}
 l - 4 scrolls of enchant armour {unknown}
 t - 2 scrolls of fog {unknown}
 F - a scroll of random uselessness {unknown}
 I - a scroll of immolation {unknown}
 S - 2 scrolls of vulnerability
 T - a scroll of magic mapping {unknown}
 W - a scroll of brand weapon {unknown}
Potions
 d - 2 potions of might
 k - 7 potions of curing
 m - 4 potions of magic
 p - a potion of brilliance
 s - a potion of heal wounds
 u - 4 potions of mutation
 v - 2 potions of flight
 G - 4 potions of lignification {unknown}
 L - a potion of resistance
 N - 2 potions of ambrosia
 Q - 2 potions of agility
 X - a potion of degeneration {unknown}
Comestibles
 w - 17 rations


   Skills:
 + Level 7.2 Fighting
 - Level 14.0 Long Blades
 - Level 9.1 Armour
 - Level 9.2 Shields
 + Level 5.4 Invocations


You had 11 spell levels left.
You didn't know any spells.
Your spell library contained the following spells:

 Spells                   Type           Power        Failure   Level  Hunger
 Apportation              Tloc           #.....       50%         1    ##.....
 Freeze                   Ice            #...         50%         1    ##.....
 Sandblast                Erth           #.....       50%         1    ##.....
 Summon Butterflies       Summ           #.......     50%         1    ##.....
 Passwall                 Tmut/Erth      #.......     65%         2    ###....
 Throw Frost              Conj/Ice       #.....       65%         2    ###....
 Lesser Beckoning         Tloc           #.........   86%         3    ####...
 Ozocubu's Armour         Chrm/Ice       #.......     86%         3    ####...
 Stone Arrow              Conj/Erth      #.....       86%         3    ####...
 Tukima's Dance           Hex            #.......     86%         3    ####...
 Petrify                  Tmut/Erth      #.......     99%         4    #####..
 Summon Ice Beast         Ice/Summ       #.......     99%         4    #####..
 Throw Icicle             Conj/Ice       #.......     99%         4    #####..
 Alistair's Intoxication  Tmut/Pois      #.......     100%        5    ######.
 Lee's Rapid Deconstruct  Erth           #.........   100%        5    ######.
 Invisibility             Hex            #.......     100%        6    #######


Dungeon Overview and Level Annotations

Branches:
Dungeon (10/15)            Temple (0/1) D:5            Lair (1/6) D:10
Ossuary (visited)
    Orc: D:9-12

Altars:
Ashenzari
Fedhas
Gozag
Kikubaaqudgha
Nemelex Xobeh
Okawaru
Ru
Sif Muna
Wu Jian

Shops:
D:4 *


Innate Abilities, Weirdness & Mutations

You cannot be hasted, slowed, berserked, paralysed or teleported.
You can dig through walls and to a lower floor.
Your four strong arms can wield two-handed weapons with a shield.
You have a pair of large antennae on your head. (SInv)
You are frail. (-10% HP)


Message History

The white imp disappears in a puff of smoke!
A large abomination comes into view.
A starcursed mass splits.
You block the sixfirhy's attack. x2
You block the sixfirhy's attack. x2; A starcursed mass splits.
The fire bat barely misses you.
A starcursed mass splits.
You hit the fire bat.
The fire bat is lightly wounded.
You block the fire bat's attack. A chorus of shrieks assaults your mind.
You block the fire bat's attack.
A starcursed mass splits.
The sixfirhy hits you! The sixfirhy shocks you! The sixfirhy hits you!
* * * LOW HITPOINT WARNING * * *
The sixfirhy shocks you!
* * * LOW HITPOINT WARNING * * *
The sixfirhy hits you.
* * * LOW HITPOINT WARNING * * *
The sixfirhy shocks you!
You die...

### #... #. ..# ##
... ..# .#.. #
#.###.. ##
#.##....# ..X.
#...##@.# ..##
#..3.### #...
#.#...b#...{#
{....###....{##
...#.##.{X#.X#X##
.##.#
#.#..X.X..#.#
......#.##.##....|
.....#...#..X.##..
.... ##..x#...#


You could see 4 starcursed masses, a large abomination, a sixfirhy and a fire
bat.

Vanquished Creatures
  Fannar (Lair:1)
  A hydra (Lair:1)
  Erica (D:8)
  Pikel (D:7)
  A black mamba (Lair:1)
  Psyche (D:8)
  A spiny frog (Lair:1)
  A rime drake (Lair:1)
  2 komodo dragons (Lair:1)
  A hornet (D:9)
  Grinder (D:5)
  2 hippogriffs
  Prince Ribbit (D:7)
  3 blink frogs (Lair:1)
  A spriggan (D:9)
  A ynoxinul (Abyss:3)
  7 yaks
  Grum (D:8)
  3 basilisks (Lair:1)
  A hungry ghost (D:9)
  Menkaure (D:5)
  Edmund (D:5)
  5 water moccasins (Lair:1)
  6 porcupines
  2 slaves (D:7)
  4 orc warriors
  A phantom (D:4)
  4 black bears
  2 sky beasts (D:9)
  8 wolves
  An ogre (D:7)
  5 centaurs
  2 small abominations (Abyss:3)
  3 elf zombies (Ossuary)
  Blork the orc (D:5)
  7 bullfrogs
  3 scorpions
  5 killer bees
  2 howler monkeys
  3 wights (D:9)
  A bullfrog zombie (D:9)
  A centaur zombie (Ossuary)
  8 crimson imps
  A quasit (D:9)
  2 hounds
  2 orc priests
  5 orc wizards
  Crazy Yiuf (D:6)
  6 iguanas
  6 worker ants
  Ijyb (D:5)
  A hound skeleton (D:9)
  2 hound zombies (D:6)
  2 mummies (Ossuary)
  A worker ant zombie (D:6)
  6 adders
  A howler monkey skeleton (D:8)
  3 shadow imps
  2 oozes
  4 adder zombies
  2 adder skeletons
  5 worms
  4 dart slugs
  8 leopard geckos
  34 orcs
  A ball python (D:4)
  7 bats
  8 giant cockroaches
  16 goblins
  16 hobgoblins
  12 jackals
  2 quokkas
  A ball python skeleton (D:4)
  A frilled lizard (D:2)
  3 goblin zombies (Ossuary)
  7 hobgoblin zombies (Ossuary)
  A jackal zombie (Ossuary)
  12 kobolds
  8 kobold zombies (Ossuary)
  A leopard gecko zombie (D:6)
  10 orc zombies (Ossuary)
  5 rats
  2 rat zombies (Ossuary)
  A fungus (D:10)
321 creatures vanquished.

Vanquished Creatures (others)
  A hound (D:7)
  8 fungi
  2 plants (Lair:1)
11 creatures vanquished.

Grand Total: 332 creatures vanquished

Notes
Turn   | Place    | Note
-------+----------+-------------------------------------------
     0 | D:1      | DrKleor the Formicid Fighter began the quest for the Orb.
     0 | D:1      | Reached XP level 1. HP: 18/18 MP: 1/1
   301 | D:1      | Reached XP level 2. HP: 24/24 MP: 2/2
   596 | D:1      | Reached XP level 3. HP: 25/30 MP: 3/3
  1138 | D:2      | Reached skill level 3 in Long Blades
  1429 | D:2      | Reached XP level 4. HP: 37/37 MP: 4/4
  1667 | D:2      | Found an iron altar of Okawaru.
  1682 | D:2      | Became a worshipper of Warmaster Okawaru
  2301 | D:3      | Reached XP level 5. HP: 34/43 MP: 5/5
  2327 | D:3      | Found a blossoming altar of Fedhas.
  2664 | D:3      | Reached skill level 5 in Fighting
  2668 | D:3      | Reached skill level 4 in Long Blades
  2793 | D:3      | Found a shimmering blue altar of Sif Muna.
  2793 | D:3      | Found an opulent altar of Gozag.
  3143 | D:4      | Reached XP level 6. HP: 14/51 MP: 6/6
  3480 | D:4      | Found an ancient bone altar of Kikubaaqudgha.
  3484 | D:4      | Found a sand-covered staircase.
  3490 | Ossuary  | Entered an ossuary
  3640 | Ossuary  | Reached skill level 5 in Long Blades
  3984 | Ossuary  | Reached skill level 6 in Long Blades
  3984 | Ossuary  | Reached XP level 7. HP: 18/56 MP: 7/7
  4398 | D:4      | Reached * piety under Okawaru
  4398 | D:4      | Reached skill level 7 in Long Blades
  4700 | D:4      | Found a sacrificial altar of Ru.
  4703 | D:4      | Found an ornate altar of the Wu Jian Council.
  4801 | D:4      | Reached skill level 8 in Long Blades
  4801 | D:4      | Reached XP level 8. HP: 58/62 MP: 8/8
  4931 | D:4      | Found Levuc's General Store.
  4939 | D:4      | Bought a scroll of remove curse for 36 gold pieces
  4939 | D:4      | Bought a scroll of identify for 24 gold pieces
  5171 | D:5      | Entered Level 5 of the Dungeon
  5184 | D:5      | Noticed Grinder
  5225 | D:5      | Killed Grinder
  5332 | D:5      | Reached skill level 9 in Long Blades
  5411 | D:5      | Reached ** piety under Okawaru
  5471 | D:5      | Found a staircase to the Ecumenical Temple.
  5488 | D:5      | Noticed Menkaure
  5511 | D:5      | Killed Menkaure
  5631 | D:5      | Noticed Blork the orc
  5654 | D:5      | Killed Blork the orc
  5716 | D:5      | Noticed Ijyb
  5741 | D:5      | Killed Ijyb
  6442 | D:5      | Noticed Edmund
  6497 | D:5      | Killed Edmund
  6497 | D:5      | Reached skill level 10 in Long Blades
  6497 | D:5      | Reached XP level 9. HP: 49/68 MP: 9/9
  6946 | D:6      | Reached skill level 11 in Long Blades
  7120 | D:6      | Found a runed translucent door.
  7121 | D:6      | Noticed Crazy Yiuf
  7133 | D:6      | Killed Crazy Yiuf
  7239 | D:6      | Found a sparkling altar of Nemelex Xobeh.
  7747 | D:7      | Noticed Pikel
  7787 | D:7      | Killed Pikel
  7787 | D:7      | Reached *** piety under Okawaru
  7787 | D:7      | Reached skill level 12 in Long Blades
  8087 | D:7      | Found a blossoming altar of Fedhas.
  8129 | D:7      | Reached XP level 10. HP: 47/74 MP: 8/10
  8679 | D:7      | Found a shattered altar of Ashenzari.
  8724 | D:7      | Noticed Prince Ribbit
  8736 | D:7      | Killed Prince Ribbit
  8736 | D:7      | Reached **** piety under Okawaru
  8736 | D:7      | Reached skill level 13 in Long Blades
  9507 | D:8      | Noticed Psyche
  9527 | D:8      | Killed Psyche
  9724 | D:8      | Noticed Grum
  9737 | D:8      | Killed Grum
  9737 | D:8      | Reached skill level 14 in Long Blades
  9776 | D:8      | Noticed Erica
  9795 | D:8      | Killed Erica
  9795 | D:8      | Reached ***** piety under Okawaru
  9795 | D:8      | Reached skill level 5 in Shields
 10171 | D:9      | Reached XP level 11. HP: 76/79 MP: 11/11
 10215 | D:9      | Reached skill level 5 in Armour
 10732 | D:9      | Received a gift from Okawaru
 11501 | D:10     | Entered Level 10 of the Dungeon
 11601 | D:10     | Found a staircase to the Lair.
 11839 | Lair:1   | Entered Level 1 of the Lair of Beasts
 12151 | Lair:1   | Noticed Fannar
 12237 | Lair:1   | Killed Fannar
 12395 | Lair:1   | Reached skill level 1 in Invocations
 12438 | Lair:1   | Reached XP level 12. HP: 77/86 MP: 13/13
 12521 | Lair:1   | Noticed an eight-headed hydra
 12534 | Lair:1   | Killed a two-headed hydra
 13210 | Lair:1   | Reached ****** piety under Okawaru
 13210 | Lair:1   | Received a gift from Okawaru
 13220 | Lair:1   | Reached skill level 5 in Invocations
 13334 | Lair:1   | Cast into level 2 of the Abyss (a distortion unwield)
 13366 | Abyss:2  | Noticed a starcursed mass
 13608 | Abyss:2  | Noticed a deep elf sorcerer
 13649 | Abyss:3  | Noticed a jiangshi
 13649 | Abyss:3  | Noticed a jiangshi
 13649 | Abyss:3  | Noticed a jiangshi
 13649 | Abyss:3  | Noticed a vampire mage
 13815 | Abyss:3  | Gained mutation: You are frail. (-10% HP) [a neqoxec]
 13823 | Abyss:3  | Noticed a sixfirhy
 13835 | Abyss:3  | Noticed a starcursed mass
 13844 | Abyss:3  | HP: 1/81 [sixfirhy (5)]
 13844 | Abyss:3  | Mangled by a sixfirhy

Levels and vault maps discovered:
D:1:      dpeg_arrival_boxes_within_box, layout_basic
D:2:      layout_loops_cross, okawaru_gym_becter
D:3:      layout_basic, gammafunk_temple_overflow_wave,
          nicolae_overflow_crystal_walls, minmay_bisected
D:4:      layout_cave_pools, grunt_temple_overflow_open,
          nicolae_ossuary_entry_plus, serial_co_window_serial,
          co_window_paths_a, co_window_paths_a, co_window_cross_1,
          co_window_paths_b, co_window_corner_a, co_window_2corner,
          co_window_2corner, co_window_unsneaky_path_e, co_window_paths_c,
          co_window_broadway_b, co_window_2corner, co_window_of_opportunity_b,
          glass_columns_b, glass_columns_a, serial_shops, shop, first_ration
D:5:      layout_loops_corners, temple_doors_e, uniq_grinder,
          uniq_blork_the_orc, uniq_menkaure, uniq_ijyb, uniq_edmund
D:6:      layout_rooms, nemelex_altar_shiori, uniq_crazy_yiuf_cottage
D:7:      minmay_the_grid_four_pointed_star
          [minmay_the_grid_triangle_9x9_shrine,
          minmay_the_grid_triangle_9x9_minimal,
          minmay_the_grid_triangle_9x9_longest,
          minmay_the_grid_triangle_9x9_intruding_spiral,
          minmay_the_grid_prize_four_corners_diamond_b], layout_basic,
          ashenzari_altar_1, uniq_pikel, uniq_prince_ribbit1
D:8:      layout_cave_pools, uniq_erica, uniq_grum, uniq_psyche
D:9:      corexii_shack_village, layout_cross, the_bakery
D:10:     layout_gridville, due_lair_maze_entry_diamond, uniq_sonja
Lair:1:   layout_long_grid, beast_lair_carwin_6, uniq_fannar
Abyss:3:  base: D:11, evilmike_nicolae_abyss_rune_containment_curve,
          evilmike_abyss_rune_elephants_shrine

Skill      XL: |  1  2  3  4  5  6  7  8  9 10 11 12 |
---------------+-------------------------------------+-----
Fighting       | 4 5 7 |  7.2
Long Blades    | 3 4 6 8 10 12 14 | 14.0
Armour         | 4 8 9 |  9.1
Shields        | 5 9 |  9.2
Invocations    | 2 5 |  5.4

Action                   |  1- 3 |  4- 6 |  7- 9 | 10-12 || total
-------------------------+-------+-------+-------+-------++-------
Melee: Long sword        |    74 |   155 |       |       ||   229
       Dagger            |       |   242 |   574 |    63 ||   879
       Falchion          |       |       |       |   764 ||   764
       Scimitar          |       |       |       |    33 ||    33
Invok: Heroism           |       |       |     3 |     2 ||     5
 Abil: Dig               |       |     2 |     6 |    10 ||    18
  Use: Potion            |       |       |     1 |       ||     1
       Scroll            |       |       |     7 |     1 ||     8
 Stab: Sleeping          |       |       |       |     2 ||     2
  Eat: Chunk             |     1 |     6 |     8 |    19 ||    34
       Ration            |       |     1 |     2 |       ||     3
Armor: Scale mail        |    31 |   123 |    19 |       ||   173
       Plate armour      |       |       |    12 |       ||    12
       Ring mail         |       |       |    74 |   151 ||   225
Dodge: Dodged            |    14 |   114 |    94 |   152 ||   374
Block: Shield            |    27 |   191 |   250 |   440 ||   908
       Reflection        |       |       |     7 |     7 ||    14
       Rpst.: Long sword |     6 |    17 |       |       ||    23
       Falchion          |       |       |       |    44 ||    44
       Scimitar          |       |       |       |     1 ||     1
